 Dungeon Crawl Stone Soup version 0.30-a0-956-gcec3b41aec (webtiles) character file.

Game seed: 4962095749137247235

5812 Dirtsage the Cleaver (level 10, -2/71 HPs)
             Began as a Demonspawn Fighter on Mar 29, 2023.
             Was a Follower of Okawaru.
             Slain by Gastronok (31 damage)
             ... on level 8 of the Dungeon.
             The game lasted 00:17:39 (7526 turns).

Dirtsage the Cleaver (Demonspawn Fighter)           Turns: 7526, Time: 00:17:40

Health: -2/71      AC: 15    Str: 22    XL:     10   Next: 50%
Magic:  12/12      EV:  9    Int:  9    God:    Okawaru [*.....]
Gold:   354        SH:  4    Dex: 12    Spells: 9/9 levels left

rFire   + + .      SeeInvis .    G - +4 war axe
rCold   + . .      Faith    .    c - +0 buckler
rNeg    . . .      Spirit   .    b - +0 scale mail
rPois   +          Reflect  .    y - +2 hat
rElec   +          Rampage  .    D - +0 cloak
rCorr   +                        (no gloves)
Will    .....                    (no boots) Stlth
                                 (no amulet)
HPRegen 0.31/turn                m - +4 ring of protection
MPRegen 0.13/turn                F - ring of protection from fire

@: resistant
A: antennae 1, yellow scales 1, ignite blood 3, powered by death 2
a: Renounce Religion, Heroism


You were on level 8 of the Dungeon.
You worshipped Okawaru.
Okawaru was aware of your devotion.
You visited 2 branches of the dungeon, and saw 9 of its levels.
You also visited: Sewer.

You collected 354 gold pieces.

Inventory:

Hand Weapons
 a - a +0 war axe
 G - a +4 war axe (weapon)
Missiles
 H - 4 curare-tipped darts (quivered)
Armour
 b - a +0 scale mail (worn)
 c - a +0 buckler (worn)
 y - a +2 hat (worn)
 D - a +0 cloak (worn)
Jewellery
 m - a +4 ring of protection (left hand)
 w - a ring of fire
 F - a ring of protection from fire (right hand)
 I - a +6 ring of intelligence
Wands
 p - a wand of roots (8)
 r - a wand of mindburst (3)
 C - a wand of flame (26)
 K - a wand of paralysis (17)
Scrolls
 e - 2 scrolls of vulnerability
 g - 2 scrolls of amnesia
 i - 2 scrolls of identify
 l - 3 scrolls of fog
 o - a scroll of brand weapon
 t - 5 scrolls of teleportation
 v - 2 scrolls of noise
 A - 3 scrolls of enchant weapon
 B - 4 scrolls of blinking
 J - a scroll of poison {unknown}
 L - a scroll of fear {unknown}
Potions
 d - a potion of might
 f - a potion of lignification {unknown}
 h - 5 potions of haste
 j - 2 potions of magic {unknown}
 k - 3 potions of heal wounds {unknown}
 n - 3 potions of cancellation
 q - 5 potions of curing
 s - 2 potions of degeneration {unknown}
 u - 2 potions of flight {unknown}
 x - 2 potions of invisibility {unknown}
 z - 2 potions of brilliance {unknown}
 E - 2 potions of attraction {unknown}


   Skills:
 + Level 4.1 Fighting
 * Level 13.7 Axes
 - Level 2.6 Armour
 + Level 3.7 Shields
 + Level 3.5 Invocations


You had 9 spell levels left.
You didn't know any spells.
Your spell library contained the following spells:

 Spells                   Type           Power      Damage    Failure   Level
 Foxfire                  Conj/Fire      0%         2x1d2     80%         1
 Cigotuvi's Dreadful Rot  Necr/Pois/Air  0%         N/A       91%         2
 Poisonous Vapours        Pois/Air       0%         N/A       91%         2
 Mephitic Cloud           Conj/Pois/Air  0%         N/A       99%         3
 Fireball                 Conj/Fire      0%         3d3       100%        5
 Starburst                Conj/Fire      0%         6d3       100%        6


Dungeon Overview and Level Annotations

Branches:
Dungeon (8/15)             Temple (1/1) D:7           Sewer (visited)
   Lair: D:8-11

Altars:
Dithmenos
Hepliaklqana
Kikubaaqudgha
Makhleb
Nemelex Xobeh
Okawaru
Qazlal
Ru
Trog
Xom
Yredelemnul

Shops:
D:3 (   D:4 *   D:8 =[

Annotations:
D:8 Gastronok


Innate Abilities, Weirdness & Mutations

You have a pair of small antennae on your head.
You are partially covered in yellow scales. (AC +2)
Your demonic aura causes all spilled blood to erupt in flames.
You regenerate health from kills.


Message History

A swirling arc of seething chaos appears!
The arc of chaos hits you!
You feel protected.
You take 1 damage, and have 68/71 hp.
You hit Psyche.
You kill Psyche!
Okawaru accepts your kill.
You feel sick.
You regained 2 hp, and now have 70/71 hp.
You feel sick.
Things that are here:
a +0 dagger of distortion; a +0 robe HP restored.
You feel sick.
You are no longer poisoned.
There is an open door here.
You sense a monster nearby.
Health restored: 71 Gastronok the Ponderous comes into view.
He is wearing a +0 hat of willpower.
Gastronok gurgles horribly!
There is an open door here.
Gastronok bites you!
You take 11 damage, and have 60/71 hp.
You slash Gastronok!
Gastronok is lightly wounded.
You slice Gastronok!!
Gastronok is moderately wounded.
Gastronok waves his eye-stalks in wide circles.
The air twists around and strikes you!!
You take 32 damage, and have 28/71 hp.
MASSIVE DAMAGE!!
You hit Gastronok but do no damage.
Gastronok is moderately wounded.
You slash Gastronok!
Gastronok is moderately wounded.
Gastronok bites you but does no damage.
You hit Gastronok.
Gastronok is moderately wounded.
You hit Gastronok.
Gastronok is moderately wounded.
Gastronok bites you!!
You die...

.........#.....#........#........
.........#.....#........#...#####
.........#.....#........+...#
.........#.....#.......######
##..######.....#.......#
.#..##...#.....#.......# .
.#.......#.....#...!...#....
.#.......#.....#w°.....'....
.#..<....#..(..#@......#....
.#.......#.....'.......# .<.
.#.......#.....#.......#
.######..#.....#####...#
......#..#####.. #####
......#......#..[
......#......#...
......#......#...
......#......#....


You could see Gastronok.

Vanquished Creatures
  Psyche (D:8)
  A hornet (D:7)
  4 yaks (D:6)
  A wyvern (D:8)
  3 steam dragons
  Edmund (D:6)
  2 orc warriors
  A sky beast (D:6)
  2 black bears (D:7)
  6 ice beasts
  5 ogres
  A phantom (D:7)
  3 kobold brigands
  A scorpion (D:5)
  5 bullfrogs
  3 necrophages (D:7)
  A water moccasin zombie (D:7)
  7 wights
  5 killer bees (D:8)
  A howler monkey (D:5)
  A human zombie (D:7)
  3 centaur zombies (D:7)
  5 orc priests
  4 hounds
  2 jellies
  2 sleepcaps
  2 iguanas
  8 orc wizards
  A mummy (D:7)
  13 adders
  10 gnolls
  6 river rats (Sewer)
  An ufetubus (D:4)
  A worm (D:5)
  A dart slug (D:1)
  19 orcs
  7 bats
  9 endoplasms
  2 giant cockroaches (D:1)
  5 jackals (D:3)
  2 quokkas
  27 ball pythons
  6 frilled lizards
  12 goblins
  23 kobolds
  28 rats
254 creatures vanquished.

Vanquished Creatures (others)
  7 plants (D:3)
7 creatures vanquished.

Grand Total: 261 creatures vanquished

Notes
Turn   | Place    | Note
-------+----------+-------------------------------------------
     0 | D:1      | Dirtsage the Demonspawn Fighter began the quest for the
                  | Orb.
     0 | D:1      | Reached XP level 1. HP: 18/18 MP: 1/1
    94 | D:1      | Reached skill level 2 in Axes
   160 | D:1      | Gained mutation: You regenerate a little health from kills.
                  | [demonic ancestry]
   160 | D:1      | Reached XP level 2. HP: 23/24 MP: 2/2
   390 | D:1      | Reached skill level 3 in Axes
   426 | D:1      | Gained mutation: You are partially covered in yellow
                  | scales. (AC +2) [demonic ancestry]
   426 | D:1      | Reached XP level 3. HP: 29/29 MP: 3/3
  1139 | D:2      | Gained mutation: You have a pair of small antennae on your
                  | head. [demonic ancestry]
  1139 | D:2      | Reached XP level 4. HP: 35/35 MP: 4/4
  1146 | D:2      | Found a faded altar of an unknown god.
  1302 | D:3      | Reached skill level 4 in Axes
  1515 | D:3      | Gained mutation: Your demonic aura sometimes causes spilled
                  | blood to erupt in flames. [demonic ancestry]
  1515 | D:3      | Reached XP level 5. HP: 41/41 MP: 5/5
  1556 | D:3      | Found Zarientov's Weapon Emporium.
  1942 | D:4      | Found Xaqus's Overcharged Wands.
  2037 | D:4      | Reached skill level 5 in Axes
  2281 | D:4      | Noticed an ogre
  2284 | D:4      | Killed an ogre
  2346 | D:4      | Gained mutation: Your demonic aura often causes spilled
                  | blood to erupt in flames. [demonic ancestry]
  2346 | D:4      | Reached XP level 6. HP: 47/47 MP: 6/6
  2381 | D:4      | Reached skill level 6 in Axes
  2896 | D:4      | Found a large runed translucent door.
  2900 | D:4      | Found a large runed translucent door.
  3256 | D:4      | Found a shimmering altar of Xom.
  3262 | D:4      | Found a sacrificial altar of Ru.
  3309 | D:5      | Entered Level 5 of the Dungeon
  3309 | D:5      | Found a glowing drain.
  3335 | D:5      | Reached skill level 7 in Axes
  3336 | D:5      | Reached XP level 7. HP: 43/52 MP: 7/7
  3357 | Sewer    | Entered a sewer
  3677 | Sewer    | Reached skill level 8 in Axes
  3900 | D:5      | Reached XP level 8. HP: 46/58 MP: 8/8
  3958 | D:5      | Reached skill level 9 in Axes
  4072 | D:5      | Reached skill level 10 in Axes
  4861 | D:6      | Gained mutation: You regenerate health from kills. [demonic
                  | ancestry]
  4861 | D:6      | Reached XP level 9. HP: 53/63 MP: 9/9
  4863 | D:6      | Reached skill level 11 in Axes
  5027 | D:6      | HP: 2/63 [orc priest/divine providence (9)]
  5352 | D:6      | Reached skill level 12 in Axes
  5615 | D:6      | Noticed Edmund
  5628 | D:6      | Killed Edmund
  5650 | D:6      | Found a hazy altar of Hepliaklqana.
  5862 | D:7      | Paralysed by a hornet for 2 turns
  6036 | D:7      | Reached skill level 13 in Axes
  6149 | D:7      | Found a basalt altar of Yredelemnul.
  6186 | D:7      | Gained mutation: Your demonic aura causes all spilled blood
                  | to erupt in flames. [demonic ancestry]
  6186 | D:7      | Reached XP level 10. HP: 67/70 MP: 10/10
  6275 | D:7      | Found a staircase to the Ecumenical Temple.
  6279 | Temple   | Entered the Ecumenical Temple
  6283 | Temple   | Became a worshipper of Warmaster Okawaru
  6316 | D:7      | Found a bloodstained altar of Trog.
  6332 | D:7      | Reached skill level 1 in Invocations
  6562 | D:7      | Found a shadowy altar of Dithmenos.
  6809 | D:8      | Found Nuwk's Antique Armour Emporium.
  6820 | D:8      | Reached * piety under Okawaru
  7070 | D:8      | Found Dupiwixacsu's One-of-a-Kind Rings.
  7194 | D:8      | Found a sparkling altar of Nemelex Xobeh.
  7441 | D:8      | Noticed Psyche
  7493 | D:8      | Killed Psyche
  7519 | D:8      | Noticed Gastronok
  7526 | D:8      | Slain by Gastronok

Illustrated notes

Levels and vault maps discovered:
D:1:      elethiomel_arrival_maze, layout_basic, dk_noncrumbling_3
D:2:      layout_rooms, shapermc_ecumenical_altar_totnotflames, basic_altar
D:3:      layout_basic, serial_shops, nicolae_shop_crystal, corexii_shack,
          nicolae_grassy_gnolls
D:4:      layout_basic, jmf_multi_god_temple2, minmay_misc_feat_roman,
          nicolae_shop_overcharged_wands
D:5:      layout_cave_pools, cheibrodos_sewer_entry_sluice
D:6:      layout_cave_pods, nzn_hepliaklqana_mist_gate, uniq_edmund
D:7:      layout_loops_ring, mainiacjoe_overflow_small_starburst,
          trog_ov_bears_minmay, lemuel_mausoleum_altar_yredelemnul,
          minmay_temple_entry_trees
D:8:      layout_gridville, nemelex_spade_bored_becter, serial_shops, shop,
          nicolae_shop_unique_rings, chequers_serial_rivers_small_a,
          nrook_mini_backslash, nicolae_figureground_pulse, uniq_gastronok,
          uniq_psyche
Temple:   zaba_magenta_temple

Skill      XL: |  1  2  3  4  5  6  7  8  9 10 |
---------------+-------------------------------+-----
Axes           | 2 3 4 5 7 8 10 13 | 13.7
Invocations    | 3 |  3.5
Shields        | 3 |  3.7
Fighting       | 4 |  4.1
Armour         | |  2.6

Action                     |  1- 3 |  4- 6 |  7- 9 | 10-12 || total
---------------------------+-------+-------+-------+-------++-------
  Melee: War axe           |    98 |   193 |   359 |   106 ||   756
 Invoke: Heroism           |       |       |       |     1 ||     1
  Evoke: Wand              |       |     3 |       |       ||     3
    Use: Potion            |       |       |     3 |       ||     3
         Scroll            |       |       |     2 |     9 ||    11
 Armour: Scale mail        |    50 |   107 |   189 |    50 ||   396
  Dodge: Dodged            |    54 |    98 |   154 |    44 ||   350
  Block: Buckler           |    26 |    43 |    76 |    20 ||   165

Table legend: (Time is in decaauts)
 A = Elapsed time spent in this place.
 B = Non-inter-level travel time spent in this place.
 C = Inter-level travel time spent in this place.
 D = Time resting spent in this place.
 E = Time spent auto-exploring this place.
 F = Levels seen in this place.
 G = Mean time per level.
                   A        B        C        D        E       F      G
               +--------+--------+--------+--------+--------+-----+--------+
         Total |   7653 |   7456 |    197 |    860 |   4960 |  10 |  765.3 |
       Dungeon |   7237 |   7043 |    194 |    822 |   4790 |   8 |  904.6 |
        Temple |      8 |      5 |      3 |      0 |      0 |   1 |    8.0 |
         Sewer |    407 |    407 |      0 |     38 |    170 |   1 |  407.0 |
               +--------+--------+--------+--------+--------+-----+--------+

Top non-repeatable levels by time:
     D:4: 1341 daAuts
     D:6: 1263 daAuts
     D:7: 962 daAuts
     D:5: 920 daAuts
     D:1: 787 daAuts
     D:3: 739 daAuts
     D:8: 694 daAuts
     D:2: 528 daAuts
   Sewer: 407 daAuts
  Temple: 8 daAuts
